 Dungeon Crawl Stone Soup version 0.20-a0-470-gbb038bd (webtiles) character file.

587842 ololoev the Brawler (level 26, -5/248 HPs)
             Began as a Troll Fire Elementalist on Jan 12, 2017.
             Was the Champion of Okawaru.
             Shot with a bolt by a yaktaur (21 damage)
             ... led by a yaktaur captain
             ... on level 5 of the Vaults on Jan 13, 2017.
             The game lasted 03:40:31 (59305 turns).

ololoev the Brawler (Troll Fire Elementalist)      Turns: 59305, Time: 03:40:32

Health: -5/248     AC: 21    Str: 39    XL:     26   Next: 59%
Magic:  16/25      EV: 22    Int: 11    God:    Okawaru [******]
Gold:   3788       SH: 27    Dex: 26    Spells: 28/42 levels left

rFire  + + +     SeeInvis .       - Unarmed
rCold  + + +     Gourm    +     u - +0 shadow dragon scales
rNeg   + + .     Faith    .     L - +2 large shield {rC+ rF+}
rPois  +         Spirit   .     K - -2 hat of the Alchemist {rElec rPois rF+ rC+ rN+ MR+ rMut rCorr}
rElec  +         Reflect  .     Q - +2 cloak "Zaleopt" {rF+ MP-9 Dex+4}
rCorr  +         Harm     .     (gloves unavailable)
rMut   +                        (boots unavailable)
MR     ++++.                    (no amulet)
Stlth  +++++++...               x - ring "Sieloc" {MR++ Str+4}
                                i - ring "Fayfeh" {rN+ Str+6 Stlth+}

@: mighty, agile, finesse, very slightly contaminated, slowed, very slow
A: unfitting armour, claws 3, horns 1, rugged brown scales 1, cold resistance 1,
fast metabolism 3, gourmand, regeneration 1, shaggy fur 1, tough skin 2
}: 2/15 runes: serpentine, barnacled
a: Heroism, Finesse, Renounce Religion


Innate Abilities, Weirdness & Mutations

You are too large for most types of armour.
You have claws for hands.
Your metabolism is lightning-fast.
You like to eat raw meat.
Your natural rate of healing is unusually fast.
You are covered in fur. (AC +1)
You have very tough skin. (AC +2)
You have a pair of small horns on your head.
You are partially covered in rugged brown scales. (AC +1, +3% HP)
Your flesh is cold resistant. (rC+)

Inventory:

Hand Weapons
 b - a +9 blowgun
Missiles
 f - 179 large rocks (quivered)
 w - 24 needles of confusion
 N - 7 needles of paralysis
Armour
 u - +0 shadow dragon scales (worn)
 H - +0 storm dragon scales
 K - the -2 hat of the Alchemist (worn) {rElec rPois rF+ rC+ rN+ MR+ rMut rCorr}
   (You acquired it on level 3 of the Depths)

   It protects you from fire.
   It protects you from cold.
   It insulates you from electricity.
   It protects you from poison.
   It protects you from negative energy.
   It affects your resistance to hostile enchantments.
   It protects you from acid and corrosion.
   It protects you from mutation.
 L - a +2 large shield of resistance (worn)
 Q - the +2 cloak "Zaleopt" (worn) {rF+ MP-9 Dex+4}
   (Okawaru gifted it to you on level 4 of the Lair of Beasts)

   It affects your dexterity (+4).
   It protects you from fire.
   It affects your magic capacity (-9).
Jewellery
 i - the ring "Fayfeh" (left claw) {rN+ Str+6 Stlth+}
   (You bought it in a shop on level 3 of the Snake Pit)

   [ring of strength]

   It affects your strength (+6).
   It protects you from negative energy.
   It makes you more stealthy.
 x - the ring "Sieloc" (right claw) {MR++ Str+4}
   (You found it on level 1 of the Snake Pit)

   [ring of strength]

   It affects your strength (+4).
   It affects your resistance to hostile enchantments.
 M - an uncursed ring of see invisible
 R - an uncursed ring of flight
Wands
 A - a wand of digging (11/24)
Scrolls
 e - 2 scrolls of enchant armour
 k - a scroll of blinking
 n - 2 scrolls of silence
 q - 4 scrolls of recharging
 v - 2 scrolls of immolation
 y - a scroll of holy word
 z - 2 scrolls of fear
 B - 14 scrolls of teleportation
 G - 7 scrolls of fog
 J - 7 scrolls of identify
 O - 19 scrolls of remove curse
 P - 5 scrolls of summoning
 S - 4 scrolls of magic mapping
Potions
 a - 9 potions of curing
 d - a potion of resistance
 g - 9 potions of flight
 h - 3 potions of agility
 j - 3 potions of cancellation
 o - 7 potions of haste
 r - 5 potions of ambrosia
 t - 5 potions of lignification
 C - 5 potions of cure mutation
 D - 9 potions of heal wounds
 E - 2 potions of magic
 F - 9 potions of berserk rage
 I - 2 potions of might
Comestibles
 c - 21 bread rations
 l - 15 meat rations
 m - 15 slices of pizza
 p - 10 beef jerkies
 U - a royal jelly


   Skills:
 + Level 10.6 Fighting
 + Level 15.5 Throwing
 + Level 13.9 Armour
 + Level 11.3 Dodging
 + Level 5.4 Stealth
 * Level 15.4 Shields
 * Level 20.6 Unarmed Combat
 + Level 8.5 Spellcasting
   Level 0.6 Conjurations
 - Level 7.8 Hexes
 - Level 7.6 Charms
 * Level 8.3 Summonings
 - Level 7.4 Necromancy
 - Level 5.4 Translocations
   Level 2.1 Fire Magic
 - Level 3.5 Air Magic
 - Level 10.4 Invocations


You had 28 spell levels left.
You knew the following spells:

 Your Spells              Type           Power        Failure   Level  Hunger
a - Confusing Touch       Hex            ###...       1%          1    None
b - Song of Slaying       Chrm           ###.....     2%          2    #......
c - Aura of Abjuration    Summ           ###.......   41%         5    ######.
d - Apportation           Tloc           ###.......   4%          1    None
g - Regeneration          Chrm/Necr      ###.......   6%          3    ##.....
r - Repel Missiles        Chrm/Air       ###...       8%          2    #......


You were on level 5 of the Vaults.
You worshipped Okawaru.
Okawaru was exalted by your worship.
You were not hungry.

You visited 9 branches of the dungeon, and saw 45 of its levels.
You visited 1 bazaar.
You also visited: Labyrinth, Bailey, Volcano and Wizlab.

You collected 7222 gold pieces.
You spent 3434 gold pieces at shops.

.....%§§QCC......
....%.§§§C§......
......§§XD§c.....
####.§§§§§wc#####
.....§§§§§c.....
..%%%#§§§§#..(..%
.....#.%..#..####
..%. #...%#C...
...% #@..%#...%.
#%...# ####
#....# #....#
#....# #....#
#....# #....#

Notes
Turn   | Place    | Note
-------+----------+-------------------------------------------
     0 | D:1      | ololoev the Troll Fire Elementalist began the quest for the Orb.
     0 | D:1      | Reached XP level 1. HP: 16/16 MP: 1/1
    63 | D:1      | Reached skill level 1 in Unarmed Combat
   115 | D:1      | Reached XP level 2. HP: 24/24 MP: 2/2
   248 | D:1      | Reached skill level 2 in Unarmed Combat
   659 | D:2      | Found a deep blue altar of Sif Muna.
   678 | D:2      | Reached XP level 3. HP: 31/31 MP: 3/3
   692 | D:1      | Reached skill level 3 in Unarmed Combat
   845 | D:2      | Reached XP level 4. HP: 27/39 MP: 4/4
  1104 | D:2      | Reached skill level 4 in Unarmed Combat
  1523 | D:3      | Learned a level 2 spell: Repel Missiles
  1792 | D:3      | Reached XP level 5. HP: 45/45 MP: 5/5
  2061 | D:4      | Found Zin's Purification Station.
  2067 | D:4      | Found a glowing silver altar of Zin.
  2069 | D:4      | Reached skill level 5 in Unarmed Combat
  2074 | D:4      | Bought a potion of curing for 90 gold pieces
  2209 | D:4      | Found a shadowy altar of Dithmenos.
  2308 | D:4      | Reached XP level 6. HP: 48/53 MP: 6/6
  2404 | D:4      | Found a hide-covered altar of Uskayaw.
  2408 | D:4      | Found a blossoming altar of Fedhas.
  2413 | D:4      | Found a basalt altar of Yredelemnul.
  2434 | D:4      | Reached skill level 6 in Unarmed Combat
  2860 | D:5      | Entered Level 5 of the Dungeon
  2958 | D:5      | Reached skill level 7 in Unarmed Combat
  3032 | D:5      | Reached XP level 7. HP: 40/59 MP: 7/7
  3209 | D:5      | Reached skill level 8 in Unarmed Combat
  3249 | D:5      | You fall through a shaft!
  3317 | D:6      | Reached skill level 1 in Shields
  3326 | D:6      | Found a hazy altar of Hepliaklqana.
  3495 | D:5      | Found an opulent altar of Gozag.
  3690 | D:5      | Reached XP level 8. HP: 55/67 MP: 8/8
  4044 | D:6      | Found a glowing golden altar of the Shining One.
  4098 | D:6      | Noticed Dowan
  4146 | D:6      | Found a radiant altar of Vehumet.
  4160 | D:6      | Noticed Duvessa
  4166 | D:6      | Killed Duvessa
  4166 | D:6      | Reached skill level 9 in Unarmed Combat
  4185 | D:6      | Killed Dowan
  4221 | D:6      | Found a staircase to the Ecumenical Temple.
  4245 | Temple   | Entered the Ecumenical Temple
  4374 | Temple   | Became a worshipper of Warmaster Okawaru
  4583 | D:6      | Reached skill level 1 in Throwing
  4588 | D:6      | Reached skill level 1 in Invocations
  4749 | D:7      | Noticed Pikel
  4766 | D:7      | Killed Pikel
  4766 | D:7      | Reached * piety under Okawaru
  4766 | D:7      | Reached XP level 9. HP: 74/74 MP: 9/9
  5172 | D:7      | Found a runed door.
  5300 | D:7      | Found a white marble altar of Elyvilon.
  5350 | D:7      | Noticed Crazy Yiuf
  5407 | D:7      | Killed Crazy Yiuf
  5492 | D:8      | Reached skill level 10 in Unarmed Combat
  5498 | D:8      | Reached ** piety under Okawaru
  5512 | D:8      | Reached skill level 5 in Shields
  5976 | D:8      | Noticed a two-headed ogre
  5988 | D:8      | Reached XP level 10. HP: 50/81 MP: 9/12
  6185 | D:8      | Reached *** piety under Okawaru
  6244 | D:8      | Killed a two-headed ogre
  6455 | D:8      | Reached skill level 5 in Invocations
  6598 | D:9      | Reached skill level 5 in Throwing
  6945 | D:9      | Found a staircase to the Orcish Mines.
  6989 | D:9      | Reached **** piety under Okawaru
  7052 | D:9      | Learned a level 1 spell: Confusing Touch
  7188 | D:9      | Reached skill level 11 in Unarmed Combat
  7572 | D:9      | Reached skill level 1 in Hexes
  7607 | D:9      | Found an ancient bone altar of Kikubaaqudgha.
  7809 | D:10     | Entered Level 10 of the Dungeon
  7863 | D:10     | Noticed a two-headed ogre
  7874 | D:10     | Killed a two-headed ogre
  7874 | D:10     | Reached ***** piety under Okawaru
  7874 | D:10     | Reached XP level 11. HP: 52/88 MP: 11/14
  7972 | D:10     | Noticed a two-headed ogre
  7973 | D:10     | Noticed a wizard
  8015 | D:10     | Killed a two-headed ogre
  8099 | D:10     | Killed a wizard
  8099 | D:10     | Received a gift from Okawaru
  8457 | D:10     | Noticed Harold
  8478 | D:10     | Killed Harold
  8478 | D:10     | Received a gift from Okawaru
  8772 | D:10     | Noticed a two-headed ogre
  8780 | D:10     | Killed a two-headed ogre
  9306 | D:10     | Found a radiant altar of Vehumet.
  9572 | D:11     | Found a labyrinth entrance.
  9596 | Lab      | Entered a labyrinth
 10256 | Lab      | Noticed a minotaur
 10278 | Lab      | Killed a minotaur
 10371 | D:11     | Noticed a brown ugly thing
 10395 | D:11     | Killed a brown ugly thing
 10504 | D:11     | Iwannabefree: лигнифай и вперед
 10506 | D:10     | Iwannabefree: жи
 10909 | D:11     | Killed an unseen horror
 10986 | D:11     | Noticed a skeletal warrior
 10986 | D:11     | Noticed a skeletal warrior
 11021 | D:11     | Killed a skeletal warrior
 11066 | D:11     | Found a staircase to the Lair.
 11092 | D:11     | Reached XP level 12. HP: 83/96 MP: 16/16
 11184 | D:11     | Received a gift from Okawaru
 11184 | D:11     | Reached skill level 12 in Unarmed Combat
 11453 | D:12     | Learned a level 2 spell: Song of Slaying
 11457 | D:12     | Learned a level 3 spell: Regeneration
 11562 | D:12     | Received a gift from Okawaru
 11623 | D:12     | Gained mutation: Your spells are a little easier to cast, but a little less powerful. [mutagenic meat]
 11624 | D:12     | Gained mutation: You are somewhat resistant to further mutation. [mutagenic meat]
 11626 | D:12     | Gained mutation: Your magical capacity is low. (-10% MP) [mutagenic meat]
 12100 | D:12     | Gained mutation: Your body sometimes deteriorates upon taking damage. [mutagenic meat]
 12104 | D:12     | Lost mutation: Your spells are a little easier to cast, but a little less powerful. [potion of cure mutation]
 12104 | D:12     | Lost mutation: Your magical capacity is low. (-10% MP) [potion of cure mutation]
 12104 | D:12     | Lost mutation: Your body sometimes deteriorates upon taking damage. [potion of cure mutation]
 12104 | D:12     | Lost mutation: You are somewhat resistant to further mutation. [potion of cure mutation]
 12146 | D:12     | Iwannabefree: встретил гнолла на д1 после 100 ходов
 12168 | D:12     | Iwannabefree: проебал стрик
 12168 | D:12     | Iwannabefree: найс
 12168 | D:12     | Iwannabefree: что с таким дерьмом делать
 12168 | D:12     | ololoev: ne igrat Vp
 12168 | D:12     | ololoev: igrat MiBe
 12281 | D:12     | Iwannabefree: но я хочу вп...
 12281 | D:12     | ololoev: stradai
 12307 | D:13     | Iwannabefree: eh
 12326 | D:12     | Iwannabefree: ну и похуй
 12443 | Orc:1    | Entered Level 1 of the Orcish Mines
 12461 | Orc:1    | Noticed an orc high priest
 12600 | Orc:1    | Killed an orc high priest
 12736 | Orc:2    | Entered Level 2 of the Orcish Mines
 12806 | Lair:1   | Entered Level 1 of the Lair of Beasts
 12979 | Lair:1   | Noticed a five-headed hydra
 12986 | Lair:1   | Killed a five-headed hydra
 13475 | Lair:1   | Received a gift from Okawaru
 13621 | Lair:2   | Found a dark tunnel.
 13632 | Volcano  | Entered a volcano
 13912 | Volcano  | Found a radiant altar of Vehumet.
 14032 | Volcano  | Reached XP level 13. HP: 83/102 MP: 14/18
 14310 | Lair:2   | Reached skill level 5 in Hexes
 14436 | Lair:2   | Found a staircase to the Snake Pit.
 14952 | Lair:3   | Identified Ciokhas's Volume of Nocuous Summoning
 14970 | Lair:3   | Learned a level 5 spell: Aura of Abjuration
 14973 | Lair:3   | Iwannabefree: я теперь понимаю почему именно наги
 15082 | Lair:3   | Iwannabefree: почему именно их династ стрикал
 15128 | Lair:3   | ololoev: ?
 15130 | Lair:3   | Iwannabefree: они заплевать могут этого гнолла
 15133 | Lair:3   | ololoev: а могут и не заплевать
 15133 | Lair:3   | Iwannabefree: и получить дохуя экспы с куста
 15133 | Lair:3   | ololoev: а могут и от сигги на д2 н убежать
 15133 | Lair:3   | ololoev: *не
 15318 | Lair:3   | Found a staircase to the Shoals.
 15787 | Lair:3   | Reached skill level 13 in Unarmed Combat
 16104 | Lair:4   | Received a gift from Okawaru
 16105 | Lair:4   | Got a distressingly furry cloak {god gift}
 16129 | Lair:4   | Identified the +2 cloak "Zaleopt" {rF+ MP-9 Dex+4} (Okawaru gifted it to you on level 4 of the Lair of Beasts)
 16696 | Lair:4   | Iwannabefree: ну я к тому что наги не самая слабая в плане стрикодроча раса
 16873 | Lair:4   | Iwannabefree: я бы отдал этот титул октачу или фелиду
 16930 | Lair:5   | Iwannabefree: октачу скорее
 17010 | Lair:5   | Found a staircase to the Slime Pits.
 17011 | Lair:5   | Found a viscous altar of Jiyva.
 17101 | Lair:5   | Identified a scroll of acquirement
 17104 | Lair:5   | Got a shimmering hat
 17115 | Lair:5   | Identified the +3 hat "Qoddof Xyoqo" {rC- rN+++ MR++} (You acquired it on level 5 of the Lair of Beasts)
 17829 | Lair:6   | Entered Level 6 of the Lair of Beasts
 17898 | Lair:6   | Upgraded the game from 0.20-a0-465-g6513c8f to 0.20-a0-470-gbb038bd
 17975 | Lair:5   | Reached XP level 14. HP: 100/110 MP: 9/20
 18222 | Lair:6   | Received a gift from Okawaru
 18295 | Lair:6   | Reached skill level 10 in Shields
 18406 | Lair:6   | Noticed Kirke
 18701 | Lair:5   | Reached skill level 10 in Invocations
 18863 | Lair:6   | Reached skill level 10 in Throwing
 18976 | Lair:6   | Received a gift from Okawaru
 19101 | Lair:6   | Found a runed door.
 19753 | Lair:6   | Killed Kirke
 20357 | D:13     | Gained mutation: Your flesh is cold resistant. (rC+) [mutagenic meat]
 20555 | D:13     | Reached skill level 14 in Unarmed Combat
 20821 | D:13     | Noticed a reaper
 20821 | D:13     | Noticed a reaper
 20821 | D:13     | Noticed a reaper
 20821 | D:13     | Noticed a reaper
 20821 | D:13     | Noticed a reaper
 20989 | D:13     | Reached skill level 1 in Armour
 21038 | D:13     | ololoev: @??reaper
 21038 | D:13     | beem: reaper (2)
                  | Spd:
    10 | HD: 14   | HP: 58-88
                  | AC/EV: 16/10
                  | Dam: 45
                  | demonic, items, doors, fighter, evil, see invisible
                  | Res: magic(100), cold, poison, rot, neg+++, torm
                  | Vul: holy
                  | XP:
  1472 | Sz: Medium | Int: human.
 21431 | D:13     | Found a gate to the Vaults.
 21674 | D:14     | Reached XP level 15. HP: 39/116 MP: 12/21
 21724 | D:14     | Received a gift from Okawaru
 21750 | D:14     | Found a flagged portal.
 21785 | Bailey   | Entered a bailey
 21797 | Bailey   | Noticed an orc warlord
 21916 | Bailey   | Found a runed gate.
 21918 | Bailey   | Found a runed gate.
 21919 | Bailey   | Found a runed gate.
 22050 | Bailey   | Killed an orc warlord
 22077 | Bailey   | Reached XP level 16. HP: 139/139 MP: 13/22
 22086 | Bailey   | Gained mutation: You are partially covered in rugged brown scales. (AC +1, +3% HP) [potion of beneficial mutation]
 22221 | D:14     | Found a shimmering altar of Xom.
 22313 | D:14     | Received a gift from Okawaru
 22448 | D:14     | Found a radiant altar of Vehumet.
 22490 | D:15     | Entered Level 15 of the Dungeon
 22668 | D:15     | Found a staircase to the Depths.
 22709 | D:15     | Noticed Josephine
 22729 | D:15     | Killed Josephine
 23398 | D:15     | Received a gift from Okawaru
 23689 | Orc:2    | Found a staircase to the Elven Halls.
 23807 | Orc:1    | Noticed Nergalle
 23818 | Orc:2    | Killed Nergalle
 23836 | Orc:1    | Noticed Erolcha
 23859 | Orc:1    | Killed Erolcha
 24313 | Orc:2    | Reached skill level 5 in Armour
 24409 | Orc:2    | Received a gift from Okawaru
 24537 | Orc:2    | Found Qesagec's Antique Armour Boutique.
 24537 | Orc:2    | Found Xotukhlaa's Weapon Shoppe.
 24538 | Orc:2    | Found Lorghad's Antique Armour Emporium.
 24538 | Orc:2    | Found Humpoll's Gadget Boutique.
 25058 | Elf:1    | Entered Level 1 of the Elven Halls
 25095 | Elf:1    | Received a gift from Okawaru
 25278 | Elf:1    | Received a gift from Okawaru
 25287 | Elf:1    | Reached XP level 17. HP: 122/149 MP: 12/23
 25559 | Elf:1    | Found a portal to a secret trove of treasure.
 25647 | Elf:1    | Reached skill level 5 in Spellcasting
 25792 | Elf:1    | Received a gift from Okawaru
 26150 | Elf:1    | Noticed a Brimstone Fiend
 26332 | Elf:1    | Identified the Papyrus of Companions
 27047 | Snake:1  | Entered Level 1 of the Snake Pit
 27643 | Snake:1  | Reached skill level 5 in Dodging
 27737 | Snake:1  | Reached skill level 15 in Unarmed Combat
 27772 | Snake:1  | Reached skill level 1 in Charms
 27827 | Snake:1  | Noticed Nikola
 27857 | Snake:1  | Killed Nikola
 28030 | Snake:1  | Reached skill level 1 in Necromancy
 28186 | Snake:1  | Noticed Donald
 28255 | Snake:1  | Killed Donald
 28255 | Snake:1  | Received a gift from Okawaru
 28726 | Snake:1  | Got a twitching jade ring
 28727 | Snake:1  | Identified the ring "Sieloc" {MR++ Str+4} (You found it on level 1 of the Snake Pit)
 29398 | Shoals:1 | Entered Level 1 of the Shoals
 29757 | Shoals:1 | Received a gift from Okawaru
 30030 | Shoals:1 | Noticed Roxanne
 30039 | Shoals:1 | Noticed Aizul
 30052 | Shoals:1 | Killed Aizul
 30065 | Shoals:1 | Killed Roxanne
 30409 | Shoals:2 | Reached XP level 18. HP: 91/158 MP: 15/24
 31127 | Shoals:2 | Received a gift from Okawaru
 32505 | Shoals:3 | Received a gift from Okawaru
 32850 | Shoals:4 | Entered Level 4 of the Shoals
 32866 | Shoals:4 | HP: 1/158 [alligator snapping turtle (11)]
 33289 | Shoals:4 | Found Ytewoac's Armour Emporium.
 33360 | Shoals:4 | Noticed Ilsuiw
 33518 | Shoals:4 | Found Soudoj's Magic Scroll Shoppe.
 33813 | Shoals:4 | Received a gift from Okawaru
 33859 | Shoals:4 | Found Usur's Jewellery Boutique.
 33867 | Shoals:4 | Bought the amulet of Amelioration {RegenMP rPois rN+ Str-2} for 782 gold pieces
 33880 | Shoals:4 | Found Qestrih's Antique Weapon Emporium.
 34155 | Shoals:4 | Got a barnacled rune of Zot
 34274 | Shoals:4 | Bought a scroll of magic mapping for 52 gold pieces
 34274 | Shoals:4 | Bought a scroll of teleportation for 45 gold pieces
 34274 | Shoals:4 | Bought a scroll of identify for 30 gold pieces
 34274 | Shoals:4 | Bought a scroll of identify for 30 gold pieces
 34274 | Shoals:4 | Bought 2 scrolls of identify for 60 gold pieces
 34707 | Snake:2  | Reached skill level 5 in Charms
 35199 | Snake:2  | Received a gift from Okawaru
 35285 | Snake:2  | Reached XP level 19. HP: 165/165 MP: 16/25
 35423 | Snake:2  | Reached ****** piety under Okawaru
 35654 | Snake:3  | Noticed Vashnia
 35678 | Snake:3  | Killed Vashnia
 35678 | Snake:3  | Received a gift from Okawaru
 35792 | Snake:3  | Reached skill level 16 in Unarmed Combat
 35919 | Snake:3  | Received a gift from Okawaru
 35993 | Snake:3  | Identified the Collected Works on Stones and Flames
 36212 | Snake:3  | Found Vycidoalio's Gadget Emporium.
 36713 | Snake:3  | Found Gurokhleu's Jewellery Shoppe.
 36713 | Snake:3  | Found Mojuda Fedeu's Gadget Boutique.
 36714 | Snake:3  | Found Zecovoz's Gadget Boutique.
 36721 | Snake:3  | Bought the ring "Vinouw" {+Blink rElec MP+9 Dex+2 Slay+3} for 1040 gold pieces
 36954 | Snake:4  | Entered Level 4 of the Snake Pit
 37117 | Snake:4  | Received a gift from Okawaru
 37264 | Snake:4  | Learned a level 1 spell: Apportation
 37492 | Snake:4  | Reached skill level 5 in Fighting
 37509 | Snake:4  | Reached skill level 10 in Armour
 37842 | Snake:4  | Received a gift from Okawaru
 37913 | Snake:4  | Received a gift from Okawaru
 38299 | Snake:4  | Got a serpentine rune of Zot
 38637 | Depths:1 | Entered Level 1 of the Depths
 38742 | Depths:1 | Received a gift from Okawaru
 39057 | Depths:1 | Reached XP level 20. HP: 164/180 MP: 26/26
 39142 | Depths:1 | Got blackened gold dragon scales
 39153 | Depths:1 | Identified the +0 gold dragon scales "Limi Zue" {rPois rF+ rC+ Str+3 Dex+5} (You acquired it on level 1 of the Depths)
 39181 | Depths:1 | Found a gateway to Hell.
 39351 | Depths:1 | Received a gift from Okawaru
 39496 | Depths:1 | Reached skill level 17 in Unarmed Combat
 39703 | Depths:1 | Reached skill level 1 in Translocations
 39716 | Depths:1 | Noticed a caustic shrike
 40140 | Depths:1 | Noticed a juggernaut
 40344 | Depths:1 | Received a gift from Okawaru
 40374 | Depths:1 | Killed a juggernaut
 40419 | Depths:1 | Noticed a caustic shrike
 40422 | Depths:1 | a caustic shrike changed into a shadow dragon
 40491 | Depths:1 | Received a gift from Okawaru
 40779 | Depths:2 | Received a gift from Okawaru
 41062 | Depths:2 | Found a one-way gate to the infinite horrors of the Abyss.
 41358 | Depths:2 | Noticed the Enchantress
 41415 | Depths:2 | Found a gateway to a bazaar.
 41467 | Depths:2 | Reached skill level 5 in Necromancy
 41470 | Depths:2 | Killed the Enchantress
 41506 | Depths:2 | Got faerie dragon scales
 41507 | Depths:2 | Identified the +6 faerie dragon scales {*Corrode rCorr Dex+4 SInv Clar} (You took it off the Enchantress on level 2 of the Depths)
 41652 | Depths:2 | Found a one-way gate leading to the halls of Pandemonium.
 41900 | Depths:2 | Reached XP level 21. HP: 189/189 MP: 28/28
 42035 | Depths:2 | Noticed a caustic shrike
 42045 | Depths:2 | Killed a caustic shrike
 42046 | Depths:2 | Noticed a juggernaut
 42071 | Depths:2 | Killed a juggernaut
 42071 | Depths:2 | Received a gift from Okawaru
 42899 | Bazaar   | Entered a bazaar
 42916 | Bazaar   | Found Imepnooth's Antique Armour Shoppe.
 42916 | Bazaar   | Found Guah's Weapon Emporium.
 42937 | Bazaar   | Found Hycuiwn's Antique Weapon Emporium.
 42952 | Bazaar   | Found Dunysh's Weapon Emporium.
 43024 | Depths:3 | Received a gift from Okawaru
 43149 | Depths:3 | Found a gateway to a ziggurat.
 44104 | Snake:3  | Bought the ring "Fayfeh" {rN+ Str+6 Stlth+} for 1305 gold pieces
 44721 | Depths:3 | Received a gift from Okawaru
 44748 | Depths:3 | Reached skill level 18 in Unarmed Combat
 44753 | Depths:3 | Noticed a juggernaut
 44763 | Depths:3 | Killed a juggernaut
 44763 | Depths:3 | Received a gift from Okawaru
 44815 | Depths:3 | Paralysed by a floating eye for 4 turns
 44816 | Depths:3 | Noticed a caustic shrike
 44839 | Depths:3 | Paralysed by a floating eye for 2 turns
 44845 | Depths:3 | Received a gift from Okawaru
 44861 | Depths:3 | Killed a caustic shrike
 44861 | Depths:3 | Reached XP level 22. HP: 72/201 MP: 21/30
 45722 | Depths:3 | Noticed a caustic shrike
 45729 | Depths:3 | Killed a caustic shrike
 45729 | Depths:3 | Received a gift from Okawaru
 45952 | Depths:4 | Received a gift from Okawaru
 46068 | Depths:4 | Received a gift from Okawaru
 46112 | Depths:4 | Noticed Boris
 46156 | Depths:4 | Killed Boris
 46156 | Depths:4 | Received a gift from Okawaru
 46372 | Depths:4 | DEFE: кококолхимик
 46392 | Depths:4 | DEFE: 24 ас в гда
 46393 | Depths:4 | ololoev: +0
 47079 | Depths:4 | ololoev: RAKETA!!!
 47180 | Depths:4 | Reached XP level 23. HP: 92/212 MP: 16/31
 47282 | Depths:4 | Iwannabefree: ac ninuzhen
 47293 | Depths:4 | Got a shimmering cloak
 47294 | Depths:4 | Identified the +1 cloak of Pustride {+Inv} (You found it on level 4 of the Depths)
 47371 | Depths:4 | Noticed a caustic shrike
 47373 | Depths:4 | Noticed a caustic shrike
 47382 | Depths:4 | Killed a caustic shrike
 47382 | Depths:4 | Received a gift from Okawaru
 47388 | Depths:4 | Killed a caustic shrike
 47469 | Depths:4 | Received a gift from Okawaru
 47598 | Depths:4 | Reached skill level 1 in Air Magic
 47818 | Depths:4 | Reached skill level 5 in Translocations
 47993 | Depths:4 | Found an iron altar of Okawaru.
 48076 | Depths:5 | Entered Level 5 of the Depths
 48165 | Depths:5 | Received a gift from Okawaru
 48338 | Depths:5 | Reached skill level 10 in Dodging
 48413 | Depths:5 | Found a gate to the Realm of Zot.
 48709 | Depths:5 | Reached skill level 19 in Unarmed Combat
 50005 | Elf:2    | Found a huge runed gate.
 50005 | Elf:2    | Found a huge runed gate.
 50005 | Elf:2    | Found a huge runed gate.
 50005 | Elf:2    | Found a huge runed gate.
 50005 | Elf:2    | Found a huge runed gate.
 50006 | Elf:2    | Goblin1989: какая-то странная шапка на тебе
 50009 | Elf:2    | ololoev: alhimik
 50176 | Elf:3    | Entered Level 3 of the Elven Halls
 50407 | Elf:3    | Received a gift from Okawaru
 50486 | Elf:3    | Goblin1989: в магазе продают 3 мануала доджа за 1500 каждый, а я с гозагом
 50493 | Elf:3    | Goblin1989: весело
 50602 | Elf:3    | Noticed Louise
 50608 | Elf:3    | Killed Louise
 50686 | Elf:3    | Reached skill level 1 in Summonings
 50700 | Elf:3    | Reached XP level 24. HP: 132/223 MP: 19/32
 50733 | Elf:3    | Noticed Mara
 51180 | Elf:3    | Received a gift from Okawaru
 51463 | Elf:3    | Got a sparkling lapis lazuli ring
 51464 | Elf:3    | Identified the ring "Yrairuze" {*Corrode rF++ MP+9} (You took it off a deep elf mage on level 3 of the Elven Halls)
 51826 | Elf:3    | Killed Mara
 51826 | Elf:3    | Received a gift from Okawaru
 51832 | Elf:3    | ololoev: @??mara
 51832 | Elf:3    | ololoev: неплохо стабает
 52119 | Vaults:1 | Entered Level 1 of the Vaults
 52164 | Vaults:1 | Found a magical portal.
 52196 | WizLab   | Entered Lehudib's Moon Base
 52512 | WizLab   | Gained mutation: You have a pair of small horns on your head. [potion of beneficial mutation]
 52645 | WizLab   | Received a gift from Okawaru
 52723 | WizLab   | Received a gift from Okawaru
 52826 | WizLab   | Received a gift from Okawaru
 53267 | WizLab   | Received a gift from Okawaru
 53291 | WizLab   | Iwannabefree: нинужная шапка
 53296 | Vaults:1 | ololoev: спирит то?
 53380 | Vaults:1 | Iwannabefree: де
 53385 | Vaults:1 | Iwannabefree: алхимик вот топоый
 53385 | Vaults:1 | ololoev: для табера самое оно, ну если конечно алхимика не завезли
 53385 | Vaults:1 | Iwannabefree: ракшасы заебывают
 53402 | Vaults:1 | Iwannabefree: иллюзиями стоунгианта
 53431 | Vaults:1 | Received a gift from Okawaru
 53793 | Vaults:1 | Reached skill level 5 in Summonings
 53884 | Vaults:1 | Reached XP level 25. HP: 233/233 MP: 22/33
 53993 | Vaults:1 | Received a gift from Okawaru
 54910 | Vaults:2 | Noticed Xtahua
 54924 | Vaults:2 | Killed Xtahua
 55188 | Vaults:2 | Received a gift from Okawaru
 55217 | Vaults:2 | Reached skill level 15 in Throwing
 55250 | Vaults:2 | Iwannabefree: щас бы ппрож
 55350 | Vaults:2 | ololoev: daleko idti
 55380 | Vaults:2 | Received a gift from Okawaru
 55381 | Vaults:2 | Iwannabefree: spedrun shtole
 55398 | Vaults:2 | ololoev: ned
 55398 | Vaults:2 | ololoev: vlomrun
 55672 | Vaults:2 | Iwannabefree: >21 15
 55673 | Vaults:2 | Iwannabefree: mheh
 55686 | Vaults:2 | Iwannabefree: u menya stolko v laire inogda
 55686 | Vaults:2 | Received a gift from Okawaru
 55689 | Vaults:2 | ololoev: za trollya?
 55698 | Vaults:2 | Iwannabefree: ya ne igraiu na tr
 55771 | Vaults:2 | Received a gift from Okawaru
 55784 | Vaults:2 | Reached skill level 20 in Unarmed Combat
 55827 | Vaults:2 | Found a staircase to the Crypt.
 55827 | Vaults:2 | Found an ancient bone altar of Kikubaaqudgha.
 55828 | Vaults:2 | Found a basalt altar of Yredelemnul.
 55965 | Vaults:2 | Received a gift from Okawaru
 56100 | Vaults:2 | Iwannabefree: !apt tr
 56101 | Vaults:2 | beem: Tr: Fighting: -2*, Short: -2, Long: -2, Axes: -2, Maces: -1, Polearms: -2, Staves: -2, Slings: -4*, Bows: -4*, Xbows: -4*, Throw: -1, Armour: -2, Dodge: -2, Stealth: -5*, Shields: -2, UC: 0, Splcast: -5*, Conj: -3*, Hexes: -4*, Charms: -4*, Summ: -3*, Nec: -2, Tloc: -3*, Tmut: -3, Fire: -3*, Ice: -3*, Air: -4*, Earth: -1, Poison: -3*, Inv: -1*, Evo: -3*, Exp: -1, HP: 3!, MP: -1*
 56343 | Vaults:2 | Iwannabefree: ebat...
 56348 | Vaults:2 | Iwannabefree: lutshe dubinit, da
 56351 | Vaults:2 | Received a gift from Okawaru
 56479 | Vaults:3 | Noticed kidcy's ghost (adept MiFi)
 56512 | Vaults:3 | Killed kidcy's ghost
 56605 | Vaults:3 | Reached skill level 10 in Fighting
 57301 | Vaults:3 | Reached skill level 15 in Shields
 57327 | Vaults:3 | Noticed Asterion
 57339 | Vaults:3 | Killed Asterion
 57495 | Vaults:3 | Iwannabefree: !apt og
 57507 | Vaults:3 | beem: Og: Fighting: 3!, Short: -3*, Long: -3*, Axes: -3*, Maces: -1, Polearms: 0, Staves: 0, Slings: -3, Bows: -3, Xbows: -3, Throw: 0, Armour: -2, Dodge: -1, Stealth: -2, Shields: -1, UC: -1, Splcast: 1, Conj: -1, Hexes: -1, Charms: -1, Summ: -1, Nec: -1, Tloc: -1, Tmut: -1, Fire: -1, Ice: -1, Air: -1, Earth: -1, Poison: -1, Inv: 1, Evo: -2, Exp: 0, HP: 3!, MP: 0
 57538 | Vaults:3 | Received a gift from Okawaru
 57545 | Vaults:3 | Reached skill level 5 in Stealth
 57692 | Vaults:3 | Reached XP level 26. HP: 242/246 MP: 25/34
 58011 | Vaults:4 | Found a hide-covered altar of Uskayaw.
 58138 | Vaults:4 | ololoev: express chistka vaultsov
 59135 | Vaults:5 | Entered Level 5 of the Vaults
 59230 | Vaults:4 | Iwannabefree: там никого нет
 59231 | Vaults:5 | Iwannabefree: куда столько бафов
 59231 | Vaults:5 | ololoev: gde?
 59232 | Vaults:5 | Noticed an ancient lich
 59233 | Vaults:5 | Iwannabefree: да и ты тр
 59259 | Vaults:5 | Killed an ancient lich
 59259 | Vaults:5 | Received a gift from Okawaru
 59290 | Vaults:5 | Iwannabefree: и без бафов затабаешь
 59295 | Vaults:5 | Iwannabefree: теле читой
 59305 | Vaults:5 | Iwannabefree: virbut zhe...
 59305 | Vaults:5 | Shot with a bolt by a yaktaur

Dungeon Overview and Level Annotations

Branches:
Dungeon (15/15)            Temple (1/1) D:6            Lair (6/6) D:11
 Shoals (4/4) Lair:3        Snake (4/4) Lair:2        Slime (0/5) Lair:5
    Orc (2/2) D:9             Elf (3/3) Orc:2        Vaults (5/5) D:13
  Crypt (0/3) Vaults:2     Depths (5/5) D:15            Zot (0/5) Depths:5

Altars:
Ashenzari
Cheibriados
Dithmenos
Elyvilon
Fedhas
Gozag
Hepliaklqana
Kikubaaqudgha
Makhleb
Nemelex Xobeh
Okawaru
Qazlal
Ru
Sif Muna
Trog
Uskayaw
Vehumet
Xom
Yredelemnul
Zin
The Shining One
Jiyva

Shops:
Orc:2 (}[[   Shoals:4 =(?[   Snake:3 }}}=

Portals:
Hell: Depths:1 Depths:2 Depths:3 Depths:4 Depths:5
Abyss: Depths:2 Depths:4
Pandemonium: Depths:2 Depths:3
Ziggurat: Depths:3
Trove: Elf:1 (give +3 storm dragon scales)

Annotations:
Shoals:4 Ilsuiw
Elf:2 5 runed doors


Message History

You hear a deafening roar!
You hear a shout!
You hear a deafening roar!
You hear a horrible gurgling sound!
You hear a deafening roar!
You hear a shout!
Unknown command.
Unknown command.
You mangle the vault warden!!
The vault warden explodes!
The fiery explosion engulfs the vault sentinel.
The vault sentinel explodes!
The fiery explosion engulfs the tentacled monstrosity.
The tentacled monstrosity resists.
The tentacled monstrosity is lightly wounded.
The fiery explosion engulfs the tengu reaver.
The tengu reaver is moderately wounded.
Okawaru accepts your kill.
The fiery explosion engulfs the tentacled monstrosity.
The tentacled monstrosity resists.
The tentacled monstrosity is lightly wounded.
The fiery explosion engulfs you! You resist. Okawaru accepts your kill.
The runic seals fade away.
You are engulfed in roaring flames.
You resist.
The yaktaur shoots a bolt.
You block the bolt. The tengu reaver barely misses you.
You block the tengu reaver's attack.
The tengu reaver claws you but does no damage.
Unknown command.
Unknown command.
Unknown command.
Unknown command.
You are engulfed in roaring flames.
You resist.
The tentacled monstrosity is engulfed in roaring flames.
You block the tentacled monstrosity's attack.
The tentacled monstrosity tentacle-slaps you.
The tentacled monstrosity tentacle-slaps you but does no damage.
The tentacled monstrosity grabs you.
You stop ascending the stairs.
The tentacled monstrosity constricts you.
The torpor snail is engulfed in roaring flames.
The torpor snail bites you but does no damage.
The tengu reaver barely misses you. The tengu reaver completely misses you.
You block the tengu reaver's attack.
The tentacled monstrosity is engulfed in roaring flames.
You block the tentacled monstrosity's attack. x2
The tentacled monstrosity tentacle-slaps you.
The tentacled monstrosity constricts you.
An enchanted war axe comes into view.
Unknown command.
Unknown command.
Unknown command.
Unknown command.
Unknown command.
Unknown command.
The tentacled monstrosity's grasp on you weakens, but your attempt to escape fails.
You are engulfed in roaring flames.
You resist.
The yaktaur shoots a bolt.
You block the bolt.
The iron dragon is engulfed in roaring flames.
The ettin hits you with a dire flail! You block the ettin's attack.
The tentacled monstrosity is engulfed in roaring flames.
You block the tentacled monstrosity's attack.
The tentacled monstrosity tentacle-slaps you. x2
The tentacled monstrosity constricts you.
The tengu reaver hits you with a broad axe of chopping.
You block the tengu reaver's attack.
The tengu reaver claws you but does no damage.
The torpor snail is engulfed in roaring flames.
You block the torpor snail's attack. You block the titan's attack.
The iron dragon is engulfed in roaring flames.
The iron dragon bites you. You block the iron dragon's attack.
The iron dragon tramples you.
You hold your ground!
An ettin and a frost giant come into view.
The ettin is wielding a dire flail of venom and a dire flail.
The frost giant is wielding a battleaxe of freezing.
Blink to where?
Press: ? - help, Dir - move target cursor You escape the tentacled monstrosity's grasp.
As you read the scroll of blinking, it crumbles to dust.
The yaktaur captain wields an arbalest.
The yaktaur captain shoots a bolt.
The bolt hits you!
The titan is engulfed in roaring flames.
The torpor snail is engulfed in roaring flames.
The tentacled monstrosity is engulfed in roaring flames.
The yaktaur shoots a bolt.
The bolt hits you!!
You die...

You could see a tentacled monstrosity, an iron dragon, a titan, a yaktaur captain, a torpor snail shaped shifter and 2 yaktaurs.

Vanquished Creatures
  An ancient lich (Vaults:5)
  Mara (Elf:3)
  3 juggernauts
  Boris (Depths:4)
  Xtahua (Vaults:2)
  Vashnia (Snake:3)
  5 caustic shrikes
  2 golden dragons
  Nikola (Snake:1)
  the Enchantress (Depths:2)
  A bone dragon (Depths:5)
  4 liches
  6 tentacled monstrosities
  A moon troll (WizLab)
  The ghost of kidcy the Executioner, an adept MiFi of Okawaru (Vaults:3)
  Asterion (Vaults:3)
  5 deep elf blademasters
  2 titans
  3 quicksilver dragons
  6 deep elf master archers
  4 sphinxes
  9 tentacled starspawn (WizLab)
  3 krakens
  4 shadow dragons
  A shadow dragon (shapeshifter) (Depths:1)
  9 tengu reavers
  Roxanne (Shoals:1)
  10 nagarajas
  Kirke (Lair:6)
  3 daevas
  A storm dragon (Depths:4)
  Donald (Snake:1)
  11 fire giants
  11 deep elf sorcerers
  9 frost giants
  Aizul (Shoals:1)
  2 iron dragons (Depths:5)
  10 vault wardens
  A balrug (Depths:2)
  A draconian knight (Depths:4)
  A cacodemon (WizLab)
  Louise (Elf:3)
  3 deep elf elementalists (Elf:3)
  4 orc warlords
  2 draconian shifters (Depths:5)
  A war gargoyle (WizLab)
  5 spriggan defenders
  29 stone giants
  An angel (Depths:3)
  17 ironheart preservers
  An entropy weaver (Vaults:1)
  7 deep elf demonologists
  An entropy weaver (shapeshifter) (Depths:3)
  25 very ugly things
  2 black draconians (Depths:5)
  9 deep elf annihilators
  3 vampire knights
  2 white draconians (Depths:5)
  12 spark wasps
  13 ettins
  4 merfolk javelineers
  A crystal guardian (WizLab)
  Josephine (D:15)
  7 deep elf death magi
  3 merfolk impalers
  12 fire dragons
  A minotaur (Lab)
  15 great orbs of eyes
  28 yaktaur captains
  Erolcha (Orc:1)
  Harold (D:10)
  30 vault guards
  3 deep elf high priests
  A hydra (shapeshifter) (Vaults:4)
  5 rakshasas
  7 hydras
  15 naga warriors
  22 ice dragons
  30 anacondas
  12 centaur warriors
  2 alligator snapping turtles (Shoals:4)
  16 spriggan air magi
  2 death knights (Vaults:2)
  2 merfolk avatars
  19 ogre magi
  5 tengu warriors
  A catoblepas (Lair:5)
  3 satyrs
  11 dancing weapons
  13 deep troll earth magi
  2 merfolk aquamancers
  60 two-headed ogres
  16 deep troll shamans
  3 vampire magi
  15 naga sharpshooters
  6 spriggan berserkers
  2 orc high priests (Orc:1)
  5 death yaks
  15 deep elf knights
  Nergalle (Orc:2)
  5 iron trolls
  2 hell knights
  5 large abominations (Elf:1)
  6 shock serpents
  A wretched star (WizLab)
  A shadow wraith (Vaults:3)
  7 skeletal warriors
  15 slime creatures
  4 unseen horrors
  A sixfirhy (Depths:3)
  2 salamander mystics
  10 sea snakes
  A death drake (shapeshifter) (Vaults:1)
  5 flayed ghosts
  13 glowing orange brains
  An orange crystal statue (WizLab)
  36 deep trolls
  7 wizards
  Pikel (D:7)
  13 naga ritualists
  22 deep elf archers
  A glowing orange brain (shapeshifter) (Depths:4)
  11 ironbrand convokers
  2 deep trolls (shapeshifter)
  A lindwurm (Lair:6)
  11 orc knights
  3 phantasmal warriors
  3 necromancers
  A wolf spider zombie (D:15)
  14 mana vipers
  A shining eye (shapeshifter) (Depths:3)
  20 harpies
  2 orc sorcerers
  A wolf spider (Vaults:1)
  54 ugly things
  2 mana vipers (shapeshifter)
  A harpy (shapeshifter) (Depths:3)
  12 cyclopes
  73 deep elf magi
  19 fauns
  4 elephants (Lair:5)
  15 manticores
  15 salamanders
  An iron dragon skeleton (Depths:1)
  57 black mambas
  11 merfolk sirens
  A stone giant zombie (Depths:1)
  A centaur zombie (D:15)
  2 water nymphs
  16 guardian serpents
  A smoke demon (Volcano)
  4 gargoyles
  5 torpor snails (Lair:6)
  13 vault sentinels
  4 eyes of devastation (WizLab)
  19 naga magi
  A water nymph (shapeshifter) (Depths:4)
  A molten gargoyle (Volcano)
  A centaur skeleton (D:15)
  12 spiny frogs
  2 rime drakes (Lair:3)
  58 yaktaurs
  5 freezing wraiths
  6 komodo dragons
  A golden dragon simulacrum (Depths:1)
  A tormentor (Depths:3)
  3 red devils
  4 guardian mummies (D:13)
  A hellwing (Depths:2)
  2 ice devils (Depths:3)
  A hornet (shapeshifter) (Depths:2)
  12 merfolk
  A harpy zombie (D:15)
  2 wind drakes (shapeshifter)
  3 tengu conjurers
  7 trolls
  4 wind drakes
  9 snapping turtles
  4 tyrant leeches (Lair:6)
  4 polar bears (Lair:5)
  2 blink frogs (shapeshifter)
  12 hornets
  2 raiju (shapeshifter)
  A meliai zombie (D:13)
  8 small abominations
  15 blink frogs
  A harpy skeleton (D:13)
  37 dream sheep
  12 hippogriffs
  7 starcursed masses (WizLab)
  10 wraiths
  A centaur simulacrum (D:15)
  3 shadows
  7 air elementals
  A wyvern (D:8)
  A ynoxinul (Depths:3)
  A human (shapeshifter) (Depths:1)
  20 yaks
  5 spriggans
  A tarantella (shapeshifter) (Depths:3)
  3 fire bats
  2 golden eyes (shapeshifter)
  9 hogs
  29 water elementals
  A human (D:8)
  A hungry ghost (D:13)
  7 basilisks
  A neqoxec (WizLab)
  3 fire elementals
  10 vampire mosquitoes
  A human simulacrum (Vaults:4)
  A steam dragon (Lair:6)
  51 nagas
  A soldier ant (D:13)
  3 acid dragons
  A hell hound (Volcano)
  8 wargs
  11 water moccasins
  A floating eye (shapeshifter) (Depths:3)
  A floating eye (Depths:3)
  10 porcupines
  4 phantoms
  Duvessa (D:6)
  A hornet zombie (D:15)
  26 orc warriors
  5 ice beasts
  8 boggarts
  17 centaurs
  56 ogres
  A necrophage (D:6)
  13 wolves
  16 crocodiles
  2 gnoll sergeants
  19 bullfrogs
  A glowing shapeshifter simulacrum (Vaults:1)
  Dowan (D:6)
  A deep troll simulacrum (Vaults:2)
  5 earth elementals
  A wyvern skeleton (D:11)
  A troll zombie (D:9)
  4 scorpions
  17 killer bees
  3 electric eels
  15 wights
  5 howler monkeys
  7 crimson imps
  2 bullfrog zombies
  2 jellies
  18 orc wizards
  21 orc priests
  5 human zombies
  10 hounds
  Crazy Yiuf (D:7)
  A bullfrog skeleton (D:9)
  2 iguanas
  6 hell rats (Lair:6)
  5 worker ants
  A killer bee zombie (D:8)
  3 hound zombies
  A hound skeleton (D:4)
  6 mummies
  A worker ant zombie (D:7)
  13 gnolls
  15 adders
  6 shadow imps
  3 adder skeletons
  An adder zombie (D:5)
  6 worms
  12 dart slugs
  A leopard gecko (D:9)
  95 orcs
  3 giant cockroaches
  11 goblins
  12 hobgoblins
  8 jackals
  8 quokkas
  A ball python (D:3)
  7 bats
  3 frilled lizards
  15 kobolds
  An orc zombie (D:9)
  A quokka skeleton (D:6)
  4 rats
  2 crawling corpses (Elf:3)
  2 fungi
  4 plants
  8 starspawn tentacles (WizLab)
  14 tentacles
2254 creatures vanquished.

Vanquished Creatures (collateral kills)
  A porcupine (D:11)
1 creature vanquished.

Vanquished Creatures (others)
  A draconian stormcaller (Depths:5)
  A merfolk javelineer (Shoals:4)
  An unseen horror (Vaults:1)
  A wizard (Vaults:2)
  A faun (Shoals:4)
  A tengu conjurer (Depths:1)
  A spriggan (Depths:4)
  A slave (D:7)
  2 orc wizards (D:7)
  5 orcs
  3 demonic plants (WizLab)
  12 fungi
  69 plants
  22 starspawn tentacles (WizLab)
  27 tentacles
148 creatures vanquished.

Grand Total: 2403 creatures vanquished

Action                   |  1- 3 |  4- 6 |  7- 9 | 10-12 | 13-15 | 16-18 | 19-21 | 22-24 | 25-27 || total
-------------------------+-------+-------+-------+-------+-------+-------+-------+-------+-------++-------
Melee: Unarmed           |   103 |   178 |   320 |   932 |  1269 |  2249 |  1852 |  1806 |  1074 ||  9783
       Punch             |       |     5 |    16 |    17 |       |       |       |       |       ||    38
       Headbutt          |       |       |       |       |       |       |       |   132 |   347 ||   479
 Fire: Blowgun           |       |       |       |       |    13 |     2 |     3 |     8 |       ||    26
Throw: Large rock        |       |       |       |     8 |    81 |   161 |    45 |   102 |    19 ||   416
       Throwing net      |       |       |       |       |     1 |       |       |       |       ||     1
 Cast: Confusing Touch   |       |       |       |    65 |    31 |     5 |     2 |    10 |     4 ||   117
       Repel Missiles    |       |       |       |       |     1 |     9 |     6 |     7 |     5 ||    28
       Regeneration      |       |       |       |       |       |    40 |    40 |    39 |    27 ||   146
       Song of Slaying   |       |       |       |       |       |       |     6 |    12 |    24 ||    42
Invok: Heroism           |       |       |     8 |    32 |    28 |    40 |    41 |    40 |    13 ||   202
       Finesse           |       |       |       |     1 |     2 |     4 |     6 |     2 |     2 ||    17
 Abil: Evoke Flight      |       |       |       |       |       |     1 |       |       |       ||     1
Evoke: Wand              |       |       |       |     9 |       |       |     7 |     1 |       ||    17
  Use: Potion            |       |       |     4 |     8 |     2 |    11 |     2 |     2 |     4 ||    33
       Scroll            |       |       |       |    16 |    31 |    16 |    10 |     9 |     6 ||    88
 Stab: Sleeping          |       |     3 |     4 |     9 |     1 |     6 |     1 |    19 |     9 ||    52
       Distracted        |       |       |     1 |       |     2 |       |       |     7 |     5 ||    15
       Confused          |       |       |       |    39 |    27 |     6 |     7 |     9 |     5 ||    93
       Invisible         |       |       |       |    14 |       |       |       |       |       ||    14
       Paralysed         |       |       |       |       |       |       |       |     6 |       ||     6
  Eat: Chunk             |    12 |    20 |    28 |    75 |    82 |   126 |    79 |    85 |    43 ||   550
       Royal jelly       |       |       |       |       |     1 |     2 |       |       |       ||     3
       Meat ration       |       |       |       |       |       |       |     2 |       |       ||     2
       Fruit             |       |       |       |       |       |       |     7 |       |     2 ||     9
Armor: Robe              |    35 |    56 |    74 |    31 |       |       |       |       |       ||   196
       Troll leather arm |       |       |       |    93 |   268 |   460 |   103 |       |       ||   924
       Gold dragon scale |       |       |       |       |       |       |   451 |    86 |       ||   537
       Shadow dragon sca |       |       |       |       |       |       |       |   225 |   206 ||   431
Dodge: Dodged            |    42 |    80 |   161 |   298 |   427 |   684 |   580 |   315 |   370 ||  2957
       Deflected         |       |       |       |       |     1 |    25 |    24 |    16 |    20 ||    86
Block: Large shield      |       |       |       |   360 |       |       |       |  1121 |  1179 ||  2660
       Shield            |       |       |       |    11 |   743 |  1347 |  1302 |   118 |       ||  3521

Vault maps used:
D:1:      roderic_octagonal_star
D:2:      nicolae_overflow_crystal_walls, mrwooster_statue_mirror
D:3:      kennysheep_slugbush
D:4:      lemuel_coloured_pillars_altar, minmay_overflow_temple_star_quad,
          zin_purify, serial_glass, glass_columns_b, glass_columns_a
D:5:      nicolae_gozag_cash_rules_everything_around_me, first_bread
D:6:      marbit_many_paths, old_standard_altar, lemuel_crystal_altar,
          uniq_duvessa
D:7:      kennysheep_mini_moat, uniq_crazy_yiuf_cottage, uniq_pikel
D:8:      grunt_livestock, minmay_crystal_water
D:9:      lemuel_mausoleum_altar_kikubaaqudgha, david_orc_3
D:10:     basic_altar, uniq_harold
D:11:     minmay_lair_entry_grove, lab_entry_generic
D:13:     david_vaults_2, st_stairs_11, minmay_guarded_unrand_curses
D:14:     enter_bailey_7, basic_altar, basic_altar, spider_trap,
          minmay_misc_feat_more_columns
D:15:     hangedman_depths_entry_civil_slaughter, minmay_misc_feat_pillars,
          uniq_josephine
Temple:   nicolae_temple_figure_zero
Lair:1:   st_stairs_3, grunt_megastairs_4
Lair:2:   guppyfry_snake_entry_island, nicolae_volcano_entry_hallway
Lair:3:   minmay_shoals_entry_hut
Lair:4:   grunt_megastairs_5, lemuel_fruit_tree
Lair:5:   slime_altar_1, cheibrodos_lair_lostbears
Lair:6:   wormcave, uniq_kirke
Shoals:1: uniq_roxanne, uniq_aizul
Shoals:2: nicolae_shoals_kraken_intersection
Shoals:3: nicolae_shoals_island_circles
Shoals:4: shoals_end_grunt_garden, shoal_ilsuiw, serial_shops, shop,
          shop_statue, nicolae_shop_stone, nicolae_shop_stone, shop,
          nicolae_shoals_square_sea_wall
Snake:1:  hangedman_cross_veins, spider_trap, uniq_nikola, uniq_donald
Snake:3:  serial_shops, shop, minmay_shop_grove, serial_bayou_shore_a,
          uniq_vashnia
Snake:4:  grunt_snake_rune_serpentine_throne
Orc:1:    uniq_erolcha, uniq_nergalle
Orc:2:    st_orc_ogre_mass
Elf:1:    minmay_elf_arrival_plus, nicolae_trove_entry_crystal,
          minmay_elf_demonology, eino_tiny_chamber, laboratory
Elf:2:    lemuel_elevator, uniq_saint_roka
Elf:3:    minmay_elf_hall_quartered_circle, hangedman_decor_cross_pass,
          uniq_louise, uniq_mara
Vaults:1: st_squares, vaults_room_grunt_arrival_ludios, v_alt_pattern_1,
          nicolae_vaults_little_squares_2, nicolae_vaults_little_squares_3,
          vaults_mumra_minichess, v_misc_16, ontoclasm_vaults_loading_screen,
          nicolae_vaults_windows_and_doors_thing, nicolae_vaults_rhombus_6,
          vaults_mumra_chevron, infiniplex_enter_wizlab_glasses
Vaults:2: vaults_dpeg_hooks, minmay_crypt_entry_necro_gods, vaults_dpeg_doors,
          v_misc_17, nicolae_vaults_border_crossing,
          nicolae_vaults_holding_cells, hangedman_vaults_corner_blocks,
          hangedman_vaults_maws, ontoclasm_vaults_misaligned,
          nicolae_vaults_circle_grid_b, vaults_mumra_lcd,
          nicolae_vaults_gold_heap, uniq_xtahua
Vaults:3: grunt_vaults_twisty, v_misc_1, nicolae_vaults_network_quinsquares,
          v_misc_11, vaults_room_corners, ontoclasm_vaults_spin,
          nicolae_vaults_theta, vaults_room_pool, uniq_asterion
Vaults:4: nicolae_vaults_asterisk, nicolae_vaults_alarming, v_misc_31,
          ontoclasm_vaults_bender, hangedman_vaults_maws, hangedman_vaults_hat,
          nicolae_vaults_back_hallway, hangedman_vaults_maws, vaults_dpeg_ring,
          nicolae_vaults_network_periphery, basic_altar
Vaults:5: serial_shops
Depths:1: evilmike_inaccessible_box, minmay_misc_feat_square, hell_entry,
          serial_sigils_hangedman_writhe, nrook_pool_corridor,
          kennysheep_generic_room_11
Depths:2: cell_vault, abyss_entry_crystal, hellmouth_1, pan_entry,
          minmay_misc_feat_tower, serial_shops, bzr_entry_islet,
          minmay_misc_feat_cross, minmay_gold_behind_fungi,
          infiniplex_staircase_spiral, uniq_enchantress
Depths:3: angbandy_vault, enter_ziggurat_d, hell_entry, minmay_holes,
          rand_demon_pan_entry_3
Depths:4: evilmike_iron_armoury, hell_entry, minmay_misc_feat_doors,
          abyss_entry, minmay_the_grid_net, grunt_megastairs_2,
          serial_bayou_shore_b, infiniplex_staircase_pillars_1,
          serial_bayou_shore_b, firewood_loft, serial_bayou_shore_b, uniq_boris
Depths:5: grunt_zot_entry_bicorn, minmay_strange_pillars,
          pf_dread_powers_of_hell
Lab:      nicolae_lab_lava
Bazaar:   bazaar_short_row
Bailey:   bailey_axe_bossmonster_kennysheep, bailey
Volcano:  volcano_lake
WizLab:   wizlab_lehudib
